 Dungeon Crawl Stone Soup version 0.17-a0-1262-gd250d98 (webtiles) character file.

3549 ohyou the Slinger (level 10, 67/69 HPs)
             Began as a Halfling Hunter on June 5, 2015.
             Was an Initiate of Gozag.
             Quit the game on level 6 of the Dungeon on June 6, 2015.
             The game lasted 01:07:17 (10354 turns).

ohyou the Slinger (Halfling Hunter)                Turns: 10354, Time: 01:07:18

Health: 67/69      AC: 11    Str: 12    XL:     10   Next: 30%
Magic:  10/10      EV: 18    Int: 10    God:    Gozag
Gold:   948        SH:  0    Dex: 19    Spells: 0 memorised, 9 levels left

rFire  . . .     SeeInvis .     b - +2 dagger (venom)
rCold  . . .     Clarity  .     C - +0 ring mail (curse)
rNeg   . . .     SustAt   .     (shield restricted)
rPois  .         Gourm    .     (no helmet)
rElec  .         Spirit   .     (no cloak)
rCorr  .         Warding  .     h - +0 pair of gloves
rMut   .         Stasis   .     F - +1 pair of boots
MR     .....                    (no amulet)
Stlth  +.........               (no ring)
                                e - +1 ring of protection

@: studying 2 skills, not resistant to hostile enchantments, very unstealthy
A: mutation resistance 1
a: Potion Petition, Call Merchant, Bribe Branch, Renounce Religion


   Skills:
 * Level 6.3 Fighting
 + Level 13.3 Slings
 * Level 6.6 Armour
 + Level 7.5 Dodging
 - Level 1.1 Stealth
 + Level 1.2 Shields


You had 9 spell levels left.
You didn't know any spells.


Innate Abilities, Weirdness & Mutations

You are small and have problems with some larger weapons.
You are somewhat resistant to further mutation.

Inventory:

Hand weapons
 a - a +1 hunting sling
 b - a +2 dagger of venom (weapon)
 I - a +0 blowgun
Missiles
 c - 35 sling bullets
 i - 192 stones (quivered)
 t - 7 needles of sleeping
 u - 6 sling bullets of flame
 v - 8 exploding sling bullets
 J - 9 poisoned needles
Armour
 d - a +0 leather armour
 h - a +0 pair of gloves (worn)
 l - a +0 chain mail
 C - a cursed +0 ring mail (worn)
 F - a +1 pair of boots (worn)
 H - a +0 buckler
Magical staves
 x - an uncursed staff of cold
Jewellery
 e - a +1 ring of protection (left hand)
Magical devices
 s - a wand of cold (0)
Scrolls
 g - 2 scrolls of identify
 k - 3 scrolls of fear
 m - a scroll of magic mapping {unknown}
 n - a scroll of immolation {unknown}
 o - 2 scrolls of teleportation
 q - a scroll of blinking {unknown}
 y - a scroll of random uselessness {unknown}
 D - a scroll of remove curse {unknown}
Potions
 f - 2 potions of flight {unknown}
 j - 2 potions of degeneration {unknown}
 p - a potion of curing
 r - 2 potions of poison {unknown}
 w - a potion of haste {unknown}
 z - a potion of heal wounds
 B - 2 potions of agility {unknown}
 K - a potion of ambrosia {unknown}
Books
 A - a manual of Armour
   (You found it in a bailey)
 E - a manual of Fighting
   (You found it in a bailey)
 L - a book of Necromancy
   (You found it on level 7 of the Dungeon)
Miscellaneous
 G - a legendary deck of wonders

## ##.......## #
#...._....#
#..#####..####
##..#A..#..)).###
###...#...#..)#...#
..#...#...#..###).#
......#####..# ##.#
#......._....# #.#
#...#.......## #@#
#..######..## #.#
...# ##..## #.##
..## ##..## #..##
### ##..# #...#####
#).# ##...##.# #..#
##.....# ##..#
##....#
########...# #)..)#


There were no monsters in sight!


Message History

The ice beast hits you. The ice beast freezes you.
You hit the ice beast but do no damage.
The ice beast is almost dead.
The ice beast barely misses you.
You barely miss the ice beast.
The ice beast is almost dead.
The ice beast barely misses you.
You hit the ice beast but do no damage.
The ice beast is poisoned.
The ice beast is almost dead.
The ice beast hits you. The ice beast freezes you.
You kill the ice beast!
Your Shields skill increases to level 1!
You now have 933 gold pieces (gained 23).
You start resting.
HP restored.
An ice beast comes into view.
Your +2 dagger of venom stops dripping with poison.
a - a +1 hunting sling (weapon)
Firing (i - inventory. (,) - cycle):
i - 195 stones (quivered)
Press: ? - help, Shift-Dir - straight line, f - ice beast
Aim: an ice beast (hasn't noticed you)
You shoot a stone. The stone barely misses the ice beast.
Kidanger's ghost (average Deep Elf Summoner) comes into view.
It begins to drip with poison!
b - a +2 dagger of venom (weapon)
Press: ? - help, v - describe, . - travel, g - get item
Here: kidanger's ghost (hasn't noticed you)
A stone.
The floor.
You start waiting.
You hit the ice beast but do no damage.
The ice beast is poisoned.
The ice beast closely misses you.
You hit the ice beast.
The ice beast looks even sicker.
The ice beast is lightly wounded.
The ice beast hits you but does no damage.
You hit the ice beast but do no damage.
The ice beast is lightly wounded.
The ice beast closely misses you.
You barely miss the ice beast.
The ice beast is moderately wounded.
The ice beast completely misses you.
You hit the ice beast but do no damage.
The ice beast is moderately wounded.
The ice beast hits you but does no damage.
You hit the ice beast but do no damage.
The ice beast is moderately wounded.
The ice beast hits you but does no damage.
Your +2 dagger of venom stops dripping with poison.
a - a +1 hunting sling (weapon)
The ice beast hits you but does no damage.
Firing (i - inventory. (,) - cycle):
i - 194 stones (quivered)
Press: ? - help, Shift-Dir - straight line, f/p - ice beast
Aim: an ice beast (heavily wounded, poisoned)
You shoot a stone. The stone closely misses the ice beast.
The ice beast hits you. The ice beast freezes you.
Firing (i - inventory. (,) - cycle):
i - 193 stones (quivered)
Press: ? - help, Shift-Dir - straight line, f/p - ice beast
Aim: an ice beast (severely wounded, poisoned)
You shoot a stone.
The stone hits the ice beast but does no damage.
The ice beast is severely wounded.
Firing (i - inventory. (,) - cycle):
i - 192 stones (quivered)
Press: ? - help, Shift-Dir - straight line, f/p - ice beast
Aim: an ice beast (severely wounded, poisoned)
You shoot a stone.
The stone hits the ice beast but does no damage.
The ice beast is severely wounded.
The ice beast hits you but does no damage.
Firing (i - inventory. (,) - cycle):
i - 191 stones (quivered)
Press: ? - help, Shift-Dir - straight line, f/p - ice beast
Aim: an ice beast (severely wounded, poisoned)
You shoot a stone. The stone hits the ice beast.
The ice beast is almost dead.
Firing (i - inventory. (,) - cycle):
i - 190 stones (quivered)
Press: ? - help, Shift-Dir - straight line, f/p - ice beast
Aim: an ice beast (almost dead, poisoned)
You shoot a stone.
The stone hits the ice beast but does no damage.
The ice beast is almost dead.
You kill the ice beast!
It begins to drip with poison!
b - a +2 dagger of venom (weapon)
You now have 948 gold pieces (gained 15).
i - 191 stones (gained 2)
i - 192 stones (gained 1) Use which ability? (? or * to list)
Okay, then.
Kidanger's ghost turns its malevolent gaze towards you.
Kidanger's ghost gestures wildly while chanting.
A crimson imp comes into view.
There is a stone staircase leading up here.
You climb upwards.
There is a stone staircase leading down here.
Saving game... please wait.
Welcome back, ohyou the Halfling Hunter.
Gozag says: Greed is good.
Press ? for a list of commands and other information.
Are you sure you want to abandon this character and quit the game? (Confirm with "yes".)
Okay, then.
Are you sure you want to abandon this character and quit the game? (Confirm with "yes".)

Dungeon Overview and Level Annotations

Branches:
Dungeon (7/15)             Temple (0/1) D:5

Altars:
Ashenzari
Dithmenos
Elyvilon
Gozag
Kikubaaqudgha
Nemelex Xobeh
Ru
Sif Muna
Xom
Zin

Annotations:
D:3 Grinder; SaintRoka's ghost, weakling GrBe
D:5 4 runed doors, Menkaure
D:7 kidanger's ghost, average DESu

Notes
Turn   | Place    | Note
--------------------------------------------------------------
     0 | D:1      | ohyou the Halfling Hunter began the quest for the Orb.
     0 | D:1      | Reached XP level 1. HP: 14/14 MP: 1/1
    91 | D:1      | Reached XP level 2. HP: 19/19 MP: 2/2
   110 | D:1      | Reached skill level 6 in Slings
   210 | D:1      | Reached XP level 3. HP: 24/24 MP: 3/3
   960 | D:2      | Noticed Ijyb
   993 | D:2      | Killed Ijyb
   993 | D:2      | Reached XP level 4. HP: 18/30 MP: 4/4
  1433 | D:2      | Reached skill level 7 in Slings
  1529 | D:2      | Reached XP level 5. HP: 35/35 MP: 5/5
  1559 | D:2      | Found a sacrificial altar of Ru.
  1663 | D:2      | You fall through a shaft!
  1705 | D:3      | Noticed SaintRoka's ghost (weakling GrBe)
  1904 | D:4      | Noticed an ogre
  1934 | D:4      | Killed an ogre
  1934 | D:4      | Reached skill level 1 in Armour
  1934 | D:4      | Reached XP level 6. HP: 37/41 MP: 6/6
  1983 | D:4      | Noticed an ogre
  2018 | D:4      | Killed an ogre
  2018 | D:4      | Reached skill level 8 in Slings
  2426 | D:4      | Noticed a phantom
  2725 | D:3      | Found an ancient bone altar of Kikubaaqudgha.
  2763 | D:3      | Found a shattered altar of Ashenzari.
  2764 | D:3      | Found an opulent altar of Gozag.
  2973 | D:2      | Found a shadowy altar of Dithmenos.
  3115 | D:2      | Reached XP level 7. HP: 46/46 MP: 7/7
  3254 | D:2      | Noticed Jessica
  3270 | D:2      | Killed Jessica
  3635 | D:3      | Noticed Grinder
  4296 | D:4      | Reached skill level 9 in Slings
  4437 | D:3      | Became a worshipper of Gozag Ym Sagoz the Greedy
  4620 | D:4      | Killed a phantom
  4796 | D:4      | Found a deep blue altar of Sif Muna.
  4863 | D:5      | Entered Level 5 of the Dungeon
  4881 | D:5      | Noticed Menkaure
  4895 | D:4      | Reached skill level 5 in Dodging
  4953 | D:4      | Reached XP level 8. HP: 19/53 MP: 8/8
  5221 | D:5      | Found a large runed door.
  5221 | D:5      | Found a large runed door.
  5313 | D:5      | Found a large runed door.
  5313 | D:5      | Found a large runed door.
  5379 | D:5      | Reached skill level 10 in Slings
  5599 | D:5      | Found a white marble altar of Elyvilon.
  5611 | D:5      | Found a staircase to the Ecumenical Temple.
  6545 | D:6      | Found a glowing silver altar of Zin.
  6556 | D:6      | Noticed an angel
  6559 | D:6      | Found a shimmering altar of Xom.
  6790 | D:6      | Reached skill level 11 in Slings
  6790 | D:6      | Reached XP level 9. HP: 52/59 MP: 9/9
  7117 | D:6      | Found a sparkling altar of Nemelex Xobeh.
  7789 | D:7      | Found a flagged portal.
  7796 | Bailey   | Entered a bailey
  7833 | Bailey   | Reached skill level 12 in Slings
  8318 | Bailey   | Reached skill level 5 in Fighting
  8652 | Bailey   | Reached skill level 5 in Armour
  9295 | Bailey   | Noticed an orc knight
  9573 | Bailey   | Killed an orc knight
  9573 | Bailey   | Reached skill level 13 in Slings
  9573 | Bailey   | Reached XP level 10. HP: 66/66 MP: 10/10
 10217 | D:7      | Reached skill level 1 in Shields
 10299 | D:7      | Noticed kidanger's ghost (average DESu)
 10354 | D:6      | Upgraded the game from 0.17-a0-1248-g117de50 to 0.17-a0-1262-gd250d98
 10354 | D:6      | Quit the game

Vault maps used:
D:1:      dpeg_arrival_erosion
D:2:      nicolae_dithmenos_through_a_glass_darkly,
          nicolae_overflow_hidden_temple, nrook_uturn, uniq_jessica, uniq_iyjb
D:3:      gammafunk_temple_overflow_forgotten, first_bread, uniq_grinder
D:4:      lemuel_blue_sif_altar
D:5:      elyvilon_altar_1, minmay_temple_entry_grid,
          minmay_hollow_rounded_squares, uniq_menkaure
D:6:      grunt_temple_overflow_order_and_chaos_1, nemelex_deck, eino_curves_03
D:7:      enter_bailey_3, grunt_ministairs_1, tgw_trog
Bailey:   bailey_polearm_2, bailey

Vanquished Creatures
  An orc knight (Bailey)
  9 orc warriors (Bailey)
  2 phantoms (D:4 D:7)
  3 ice beasts (D:5 D:7)
  5 ogres (D:4 D:5 D:6)
  A centaur (D:7)
  A giant frog (D:6)
  A scorpion (D:5)
  A centaur zombie (D:6)
  5 crimson imps (D:4 D:5 D:6)
  2 orc priests (D:6)
  3 hounds (D:5 D:6 D:7)
  Ijyb (D:2)
  A jelly (D:6)
  4 orc wizards (D:4 D:6 D:7)
  A centaur skeleton (D:7)
  A giant frog skeleton (D:4)
  Jessica (D:2)
  5 iguanas (D:4 D:5 D:7)
  A killer bee zombie (D:6)
  7 worker ants (D:4 D:5 D:6)
  A worker ant zombie (D:5)
  7 adders (D:2 D:5 D:6)
  2 shadow imps (D:5 D:7)
  2 oozes (D:1 D:2)
  An adder skeleton (D:4)
  5 worms (D:2 D:3)
  29 orcs (D:4 D:2 D:5 D:6 D:7)
  13 bats (D:1 D:3 D:4 D:2 D:5)
  2 bat zombies (D:5)
  6 giant cockroaches (D:1 D:2 D:5)
  16 goblins (D:1 D:2 D:3 D:4 D:6)
  12 hobgoblins (D:1 D:2 D:4 D:5 D:7)
  19 jackals (D:1 D:2 D:4 D:5)
  17 kobolds (D:1 D:2 D:3 D:4 D:5)
  5 quokkas (D:4 D:5 D:7)
  4 ball pythons (D:1 D:2 D:4 D:5)
  3 giant geckos (D:4 D:2)
  2 giant gecko zombies (D:5 D:6)
  5 giant newts (D:1 D:2 D:4)
  9 rats (D:1 D:2 D:4 D:5 D:6)
216 creatures vanquished.

Action                   |  1- 3 |  4- 6 |  7- 9 | 10-12 || total
-------------------------+-------+-------+-------+-------++-------
Melee: Short sword       |     7 |       |       |       ||     7
       Dagger            |    23 |    99 |   438 |    64 ||   624
 Fire: Hunting sling     |    43 |    29 |   233 |    33 ||   338
Evoke: Wand              |       |       |     7 |       ||     7
  Use: Potion            |       |     2 |     1 |       ||     3
       Scroll            |       |       |     4 |       ||     4
 Stab: Sleeping          |     1 |     2 |     6 |       ||     9
       Distracted        |       |       |     3 |       ||     3
  Eat: Chunk             |       |     5 |     2 |       ||     7
       Bread ration      |       |     1 |     2 |     1 ||     4
       Beef jerky        |       |       |     2 |       ||     2
       Fruit             |       |       |     3 |     1 ||     4
       Pizza             |       |       |     1 |       ||     1
